 Dungeon Crawl Stone Soup version 0.23.2 (webtiles) character file.

Game seed: 14362968408990023938

106 Fang the Skirmisher (level 4, 0/43 HPs)
             Began as a Gargoyle Berserker on Apr 1, 2019.
             Was a Believer of Trog.
             Slain by an orc
             ... wielding a +0 hand axe
              (4 damage)
             ... on level 3 of the Dungeon.
             The game lasted 00:01:47 (2743 turns).

Fang the Skirmisher (Gargoyle Berserker)            Turns: 2743, Time: 00:01:48

Health: 0/43       AC:  5    Str: 27    XL:     4   Next: 84%
Magic:  4/4        EV: 12    Int:  7    God:    Trog [**....]
Gold:   158        SH:  0    Dex:  9    Spells: 3/3 levels left

rFire    . . .     SeeInvis .   a - +0 hand axe
rCold    . . .     Gourm    .   (no shield)
rNeg     + . .     Faith    .   b - +0 animal skin
rPois    ∞         Spirit   .   (no helmet)
rElec    +         Reflect  .   l - scarf {cloud immunity}
rCorr    .         Harm     .   (no gloves)
MR       .....                  (no boots)
Stlth    ..........             (no amulet)
HPRegen  0.14/turn              (no ring)
MPRegen  0.09/turn              (no ring)

@: berserking, very quick
A: negative energy resistance 1, electricity resistance, unbreathing,
petrification resistance, rot immunity, AC +3
a: Berserk, Trog's Hand, Renounce Religion


You were on level 3 of the Dungeon.
You worshipped Trog.
Trog was pleased with you.
You were very hungry.

You visited 1 branch of the dungeon, and saw 4 of its levels.

You collected 158 gold pieces.

Inventory:

Hand Weapons
 a - a +0 hand axe (weapon)
Armour
 b - a +0 animal skin (worn)
 l - a scarf of cloud immunity (worn)
Scrolls
 d - 3 scrolls of identify {unknown}
 e - 2 scrolls of fog {unknown}
 g - a scroll of teleportation {unknown}
 k - 2 scrolls of remove curse {unknown}
 m - a scroll of blinking {unknown}
 n - 2 scrolls of amnesia {unknown}
 o - a scroll of immolation {unknown}
 p - a scroll of enchant weapon {unknown}
Potions
 f - a potion of flight {unknown}
 h - a potion of mutation {unknown}
 i - a potion of lignification {unknown}
 j - 2 potions of heal wounds {unknown}
Comestibles
 c - 6 rations


   Skills:
 + Level 4.1 Fighting
 + Level 3.3 Axes
 + Level 3.2 Armour
 + Level 2.3 Dodging


You had 3 spell levels left.
You didn't know any spells.
Your spell library was empty.

Dungeon Overview and Level Annotations

Branches:
Dungeon (4/15)
 Temple: D:4-7

Altars:
Elyvilon


Innate Abilities, Weirdness & Mutations

You are resistant to torment.
Your stone body is resilient. (AC +3)
You are immune to poison.
You resist negative energy. (rN+)
You are resistant to electric shocks. (rElec)
You can survive without breathing.
You are immune to petrification.
You are immune to rotting.


Message History

* * * LOW HITPOINT WARNING * * *
The orc closely misses you.
You are too injured to fight recklessly!
You are too injured to fight recklessly!
You are too injured to fight recklessly!
You are too injured to fight recklessly!
You are too injured to fight recklessly!
You are too injured to fight recklessly!
You are too injured to fight recklessly!
You slash the ogre!
The ogre is almost dead.
You slash the jackal!
You kill the jackal!
Trog accepts your kill.
You hit the orc. You barely miss the ogre.
The ogre is almost dead.
You barely miss the orc. The ogre barely misses you.
The orc hits you with a +0 hand axe.
You die...

#........# #.# #.# ##.#.###<#
##+## ######(#### #.#.###.#
##...## #......(..# #.#>..#.#
##.....## #.###..##.#
#.##..#.###.......## #.#.#.###.#
##.#...#.##.........###.....# #.#
...^......'.........'.......###.#
##.......##.....O)..###.........#
##.#.######....@o.## ###.#.#####
# #.### ##..)..## ###.# # #.#
##...## #.# # #.#
##'###########.# # #.# #.#
#.......#.# ###.# #.# #.#####.#.#
.##.# ##.###.##......# ....#
##...##.##.##.### ###.#
#.....#.##.##.#


You could see an ogre and an orc.

Vanquished Creatures
  3 adders (D:2)
  3 worms (D:2)
  A dart slug (D:1)
  2 leopard geckos (D:2)
  3 orcs (D:3)
  5 giant cockroaches
  7 goblins
  5 hobgoblins
  6 jackals
  7 kobolds
  A ball python (D:2)
  8 bats
  3 frilled lizards
  A quokka skeleton (D:3)
  4 rats
59 creatures vanquished.

Notes
Turn   | Place    | Note
-------+----------+-------------------------------------------
     0 | D:1      | Fang the Gargoyle Berserker began the quest for the Orb.
     0 | D:1      | Reached XP level 1. HP: 14/14 MP: 1/1
   146 | D:1      | Reached XP level 2. HP: 12/19 MP: 2/2
   471 | D:1      | Reached XP level 3. HP: 15/23 MP: 3/3
   822 | D:2      | Reached XP level 4. HP: 19/29 MP: 4/4
   853 | D:2      | Reached ** piety under Trog
  1238 | D:2      | Reached skill level 4 in Fighting
  1318 | D:2      | Found a faded altar of an unknown god.
  2140 | D:3      | Found a white marble altar of Elyvilon.
  2615 | D:4      | Noticed an ogre
  2743 | D:3      | Slain by an orc

Skill      XL: |  1  2  3  4 |
---------------+-------------+-----
Axes           | 3 |  3.3
Dodging        | 2 |  2.3
Armour         | 3 |  3.2
Fighting       | 4 |  4.1

Action                   |  1- 3 |  4- 6 || total
-------------------------+-------+-------++-------
Melee: Hand axe          |    99 |   113 ||   212
Invok: Berserk           |       |     1 ||     1
  Eat: Chunk             |       |     6 ||     6
Armor: Animal skin       |    43 |    51 ||    94
Dodge: Dodged            |    69 |    79 ||   148
